Map: Battle on the Boardwalk LE

Players

Dessa - Winner!

  • Race: Zerg Zerg
  • League: Diamond
  • Spawn Location: 11:00

Martin

  • Race: Zerg Zerg
  • League: Diamond
  • Spawn Location: 1:00

VOD

Have the link to the VOD?

Description

Time

  • Played on: Dec. 19, 2017, 3:19 p.m.
  • Length: 12:59
Show
View Real Time Build Order
Export as new Build Order

Dessa Zerg - Winner!

Build Orders: Pool First, Zergling Baneling 

Get SALT Encoding   

  12  0:01  Drone  
  13  0:12  Overlord  
  13  0:17  Drone  
  14  0:30  Drone  
  14  0:31  Drone  
  16  0:36  Extractor  
  16  0:37  Drone  
  16  0:49  Spawning Pool  
  15  0:52  Drone  
  16  1:18  Hatchery  
  15  1:22  Drone  
  16  1:27  Drone  
  17  1:34  Drone  
  18  1:42  Metabolic Boost  
  18  1:51  Queen  
  20  1:57  Zergling x2  
  21  2:03  Overlord  
  21  2:10  Zergling x2  
  21  2:15  Baneling Nest  
  21  2:17  Drone  
  23  2:22  Drone  
  23  2:29  Queen  
  25  2:40  Zergling x4  
  27  2:46  Queen  
  28  2:52  Zergling x2  
  28  2:57  Zergling x2  
  30  3:04  Zergling x2  
  30  3:05  Zergling x2  
  32  3:27  Baneling x5  
  32  3:28  Baneling, Zergling x2  
  32  3:31  Zergling x2  
  32  3:32  Zergling x4  
  32  3:33  Baneling  
  36  3:35  Overlord  
  36  3:36  Overlord  
  36  3:58  Zergling x14  
  34  4:13  Zergling x2  
  34  4:14  Zergling x2  
  34  4:15  Zergling x2  
  34  4:16  Zergling x4  
  37  4:23  Drone  
  38  4:28  Drone  
  39  4:34  Baneling x4  
  39  4:35  Baneling  
  38  4:59  Zergling x4  
  39  5:00  Drone x4, Overlord  
  36  5:13  Drone x3  
  38  5:16  Zergling x4  
  38  5:19  Baneling  
  38  5:20  Baneling x3  
  40  5:26  Drone x2, Roach Warren  
  40  5:27  Extractor  
  40  5:38  Drone x2  
  39  6:15  Drone x6  
  39  6:16  Drone x2  
  42  6:26  Lair  
  42  6:28  Drone x2, Evolution Chamber  
  42  6:30  Roach  
  45  6:44  Hatchery  
  45  6:46  Roach  
  45  6:47  Roach  
  47  6:51  Drone x3, Extractor  
  47  6:52  Extractor, Roach  
  47  6:54  Overlord  
  50  6:59  Drone  
  51  7:10  Drone x3  
  51  7:11  Roach  
  51  7:12  Drone  
  57  7:16  Drone  
  58  7:23  Drone  
  58  7:43  Drone x4  
  62  7:56  Zerg Ground Armor Level 1  
  62  7:58  Drone x3, Overlord  
  65  8:01  Drone, Extractor  
  65  8:02  Drone x2  
  65  8:03  Drone x2, Queen  
  71  8:07  Glial Reconstitution  
  71  8:10  Drone  
  71  8:11  Evolution Chamber  
  71  8:12  Drone x2  
  73  8:15  Extractor  
  73  8:16  Drone x2  
  73  8:18  Zergling x4  
  73  8:19  Zergling x2  
  77  8:34  Pneumatized Carapace  
  77  8:37  Zerg Missile Weapons Level 1  
  77  8:47  Roach x2  
  81  8:52  Overlord x2  
  81  8:53  Overlord  
  78  8:57  Roach  
  80  9:03  Overlord x2  
  80  9:19  Drone x2  
  80  9:20  Drone  
  80  9:22  Drone x6  
  80  9:23  Drone  
  80  9:24  Roach x5  
  98  9:25  Overlord  
  98  9:27  Overlord  
  100  9:32  Ravager x5  
  100  9:33  Ravager x3  
  100  9:34  Roach  
  110  9:41  Roach  
  110  9:43  Roach  
  110  9:44  Roach  
  116  9:46  Roach x2  
  116  9:50  Overlord  
  116  9:51  Roach x2  
  124  9:55  Extractor, Overlord  
  124  9:56  Roach x3  
  124  9:58  Zerg Ground Armor Level 2, Hatchery  
  124  9:59  Extractor  
  127  10:01  Overlord  
  127  10:02  Roach  
  129  10:07  Overlord  
  131  10:21  Roach x3  
  131  10:22  Roach x4  
  131  10:23  Overlord  
  131  10:25  Overlord  
  131  10:26  Roach x3  
  131  10:27  Roach  
  151  10:31  Overlord  
  151  10:32  Roach  
  153  10:38  Hydralisk Den  
  152  10:49  Ravager x3  
  155  10:50  Roach x4  
  155  10:51  Overlord x2  
  155  10:56  Overlord  
  163  11:13  Queen  
  163  11:14  Roach  
  163  11:15  Roach x3, Overlord  
  163  11:17  Overlord  
  177  11:18  Roach x2  
  177  11:43  Drone x2  
  179  11:49  Hydralisk x8  
  179  11:50  Hydralisk x2  
  199  11:58  Infestation Pit  
  198  12:14  Hydralisk  
Show
View Real Time Build Order
Export as new Build Order

Martin Zerg 

Build Orders: Pool First, Zergling Baneling 

Get SALT Encoding   

  12  0:01  Drone  
  13  0:13  Overlord  
  13  0:17  Drone  
  14  0:25  Extractor  
  14  0:26  Drone  
  15  0:38  Drone  
  15  0:41  Drone  
  17  0:47  Spawning Pool  
  16  0:50  Extractor  
  16  0:52  Drone  
  16  0:57  Drone  
  17  1:21  Hatchery  
  16  1:33  Queen  
  16  1:35  Zergling x2  
  19  1:49  Zergling x4  
  19  1:51  Metabolic Boost  
  21  1:58  Drone  
  22  2:08  Overlord  
  22  2:39  Queen  
  22  2:40  Hatchery  
  23  2:56  Baneling Nest  
  22  3:00  Queen  
  24  3:08  Zergling x2  
  24  3:09  Zergling x2  
  26  3:28  Drone x2  
  26  3:31  Zergling x4  
  30  3:39  Baneling x3  
  30  3:40  Baneling x2  
  30  3:56  Baneling  
  30  3:57  Baneling x2  
  25  4:19  Zergling x2  
  25  4:20  Zergling x10  
  29  4:28  Zergling x6  
  32  4:38  Zergling x2  
  32  4:39  Zergling x6  
  32  4:42  Baneling  
  32  4:43  Baneling  
  32  4:44  Baneling  
  32  4:45  Baneling  
  36  5:01  Zergling x8  
  36  5:02  Zergling x2  
  34  5:11  Baneling  
  34  5:12  Baneling x5  
  33  5:42  Drone x7  
  40  5:47  Baneling  
  40  5:48  Baneling x3  
  37  6:15  Zergling x8  
  37  6:16  Zergling x2  
  41  6:20  Overlord x4  
  41  6:32  Roach Warren  
  40  6:45  Queen  
  42  6:50  Drone  
  42  6:51  Drone x4  
  42  6:52  Drone x3  
  50  6:55  Extractor  
  49  7:09  Overlord x2  
  49  7:10  Drone x2  
  49  7:11  Drone x2  
  53  7:23  Roach  
  53  7:24  Roach x4  
  61  7:36  Roach  
  62  7:37  Roach x5  
  72  7:48  Extractor  
  71  8:07  Roach x2  
  71  8:08  Roach x5  
  71  8:09  Overlord x3  
  71  8:12  Drone x4  
  89  8:38  Ravager x3  
  92  8:42  Drone x11  
  102  9:09  Roach  
  106  9:10  Roach x4  
  106  9:11  Ravager  
  113  9:21  Extractor  
  112  9:25  Lair  
  112  9:29  Evolution Chamber  
  112  9:30  Evolution Chamber  
  110  9:43  Hatchery  
  109  9:48  Baneling x4  
  109  9:57  Roach  
  109  9:58  Roach  
  113  10:20  Zerg Missile Weapons Level 1  
  113  10:21  Zerg Ground Armor Level 1  
  112  10:27  Extractor x2, Hydralisk Den  
  109  10:32  Drone x2  
  109  10:33  Drone x3  
  109  10:34  Overlord  
  109  10:35  Overlord x6  
  112  11:05  Hydralisk  
  112  11:10  Lurker Den  
  112  11:11  Hydralisk x5, Muscular Augments  
  123  11:21  Ravager  
  123  11:22  Ravager  
  125  11:32  Drone x6  
  131  11:33  Drone, Hydralisk, Overlord  
  131  11:34  Hydralisk x3  
  140  11:54  Extractor  
  140  11:56  Extractor  
  140  12:00  Hydralisk  
  140  12:01  Hydralisk x8  
  140  12:04  Zergling x2  
  140  12:05  Zergling x16  
Tags
 
Add a new tag
Caveats
  • Supply blocks, unpowered buildings, or Contaminate may cause inaccurate times.
  • Supply counts are checked every 10 seconds.